 Dungeon Crawl Stone Soup version 0.31.0-32-g396128a36d (webtiles) character file.

Game seed: 559678066766765578

2454 NarwhalNinja the Reanimator (level 9, -5/61 HPs)
             Began as an Octopode Necromancer on Apr 12, 2024.
             Was a Follower of Makhleb.
             Slain by a two-headed ogre
             ... wielding a +0 giant club
              (28 damage)
             ... on level 6 of the Dungeon.
             The game lasted 00:16:37 (6834 turns).

NarwhalNinja the Reanimator (Octopode Necromancer)  Turns: 6834, Time: 00:16:39

Health: -5/61      AC:  1    Str:  7    XL:     9   Next: 50%
Magic:  13/13      EV: 14    Int: 22    God:    Makhleb [*.....]
Gold:   354        SH:  5    Dex: 18    Spells: 9/14 levels left

rFire   . .          .
                       - Unarmed
rCold   . . .        (no shield)
rNeg    . . .        (helmet restricted)
rPois   .            c - amulet of reflection
rElec   .            D - +6 ring of dexterity
rCorr   .            (no ring)
SInv    .            (no ring)
Will    .....        (no ring)
Stlth   +++          (no ring)
HPRegen 0.30/turn    (no ring)
MPRegen 0.13/turn    (no ring)
                     (no ring)

%: reflection
@: about to teleport
A: almost no armour, amphibious, 8 rings, camouflage 1, gelatinous body 1,
(nimble swimmer 1), tentacles
a: Renounce Religion


You were on level 6 of the Dungeon.
You worshipped Makhleb.
Makhleb was aware of your devotion.
You visited 2 branches of the dungeon, and saw 7 of its levels.
You also visited: Sewer.

You collected 354 gold pieces.


Innate Abilities, Weirdness & Mutations

You cannot wear most types of armour.
You are amphibious.
You can wear up to eight rings at the same time.
Your skin changes colour to match your surroundings (Stealth+).
Your rubbery body absorbs attacks. (AC +1, EV +1)
((You are camouflaged when in or above water. (Stealth+)))
You have tentacles for arms and can constrict up to eight enemies at once.


   Skills:
 - Level 5.0 Fighting
 - Level 3.0 Dodging
 - Level 2.6 Stealth
 - Level 4.0 Unarmed Combat
 - Level 3.0 Spellcasting
 - Level 8.0 Necromancy
 - Level 3.0 Evocations
 + Level 5.9 Shapeshifting


You had 9 spell levels left.
You knew the following spells:

 Your Spells              Type           Power      Damage    Failure   Level
a - Animate Dead          Necr           38%        N/A       4%          4
X - Necrotise             Necr           100%       1d9       1%          1

Your spell library contained the following spells:

 Spells                   Type           Power      Damage    Failure   Level
 Vampiric Draining        Necr           38%        2d8       1%          3
 Foxfire                  Conj/Fire      12%        2x1d4     12%         1
 Magic Dart               Conj           12%        1d3       12%         1
 Curse of Agony           Necr           38%        N/A       13%         5
 Blink                    Tloc           6%         N/A       19%         2
 Call Imp                 Summ           6%         N/A       19%         2
 Ensorcelled Hibernation  Hex/Ice        6%         N/A       19%         2
 Searing Ray              Conj           6%         2d4       19%         2
 Passwall                 Erth           3%         N/A       36%         3
 Swiftness                Air            3%         N/A       36%         3
 Volatile Blastmotes      Fire/Tloc      6%         2d10      36%         3
 Fulminant Prism          Conj/Alch      1%         3d5       77%         4
 Iskenderun's Mystic Bla  Conj/Tloc      3%         2d3       77%         4
 Summon Lightning Spire   Summ/Air       3%         N/A       77%         4
 Lee's Rapid Deconstruct  Erth           1%         3d4*      98%         5
 Animate Armour           Summ/Erth      Unusable   N/A       N/A         4

Inventory:

Hand Weapons
 b - a +0 dagger
Missiles
 z - 4 atropa-tipped darts
 B - 2 poisoned darts
Jewellery
 c - an amulet of reflection (around mantle)
 D - a +6 ring of dexterity (left tentacle)
Talismans
 g - a flux talisman
 s - a serpent talisman
Wands
 k - a wand of roots (23)
 u - a wand of paralysis (8)
 v - a wand of flame (3)
Scrolls
 f - a scroll of amnesia {unknown}
 h - a scroll of vulnerability {unknown}
 n - a scroll of blinking {unknown}
 o - a scroll of teleportation {@r2}
 p - a scroll of revelation
 r - a scroll of acquirement {unknown}
 t - a scroll of noise {unknown}
 w - a scroll of fog {unknown}
 x - a scroll of immolation {unknown}
 y - a scroll of poison {unknown}
Potions
 a - 2 potions of magic
 d - a potion of resistance
 e - 2 potions of heal wounds {@q2}
 i - a potion of might
 j - 3 potions of mutation
 l - a potion of attraction
 m - 4 potions of curing {@q1}
 q - a potion of haste {@q3}

Dungeon Overview and Level Annotations

Branches:
Dungeon (6/15)             Temple (1/1) D:5           Sewer (visited)

Altars:
Dithmenos
Gozag
Hepliaklqana
Kikubaaqudgha
Makhleb
Okawaru
Ru
Sif Muna
Uskayaw
Vehumet
Xom
Yredelemnul

.####### ░.,*░▒.,* #.......ZZ##
.#.....####░.8░(░8.░##.###.###Z#
.#....>##.░░'░▒?░▒+░░#># #.# #.#
.......##.░8..░$+...░#.###.###Z##
##[....##.S...░$░..8░....(...Z...
#.....##.░░'░▒$░▒'░░#.###.###.##
###.####.#░.8░5░8.░##.#...# #.#
#.# #.#░..░░▒O.░...#.#.###.# #.#
#..░░.)+@.░░#...(ZZ....#
###.####...░░░░░░░.#.#▒▒▒Z▒▒▒##
#....................▒▒.....▒▒
#.#######..########.▒▒..Z.⌠..▒▒
#.# #..######..▒▒..Z.⌠...^▒▒ ##.#
#..######.#▒....⌠.⌠....▒ (..#
#..######.#▒...........▒ ####
#..###.....▒▒'▒▒▒'▒▒▒)▒▒
#.Z....##.#▒..Z▒...▒Z).▒


You could see a two-headed ogre and a shadow imp.


Message History

You feel less wooden.
Unknown command.
You start resting.
Your extra speed is starting to run out.
Unknown command.
You start resting.
You feel a little less mighty now.
Unknown command.
You start resting.
You feel yourself slow down.
You start resting.
A water moccasin comes into view.
Unknown command.
You close the door.
You start resting.
The two-headed ogre shouts in stereo!
A two-headed ogre is nearby!
Okay, then.
As you read the scroll labelled XOIFYE CUZEWK, it crumbles to dust.
You feel aware of your surroundings.
You sensed 1 altar.
It was a scroll of revelation.
As you read the scroll labelled ITTIAL OWINY, it crumbles to dust.
You feel strangely unstable.
It was a scroll of teleportation.
Aiming: Paralyse
Press: ? - help, Shift-Dir - straight line, f - two-headed ogre
Aim: a two-headed ogre, wielding two +0 giant clubs (chance to affect: 38%)
The two-headed ogre resists with some effort.
The two-headed ogre misses you.
The two-headed ogre hits you with a +0 giant club!!
You die...

Skill      XL: |  1  2  3  4  5  6  7  8  9 |
---------------+----------------------------+-----
Fighting       | 1 2 3 4 5 |  5.0
Necromancy     | 5 6 7 8 |  8.0
Evocations     | 2 3 |  3.0
Spellcasting   | 3 |  3.0
Dodging        | 3 |  3.0
Unarmed Combat | 3 4 |  4.0
Shapeshifting  | 3 5 |  5.9
Stealth        | |  2.6

Action                     |  1- 3 |  4- 6 |  7- 9 || total
---------------------------+-------+-------+-------++-------
  Melee: Unarmed           |    43 |     9 |   125 ||   177
         Tentacles         |    19 |    12 |    38 ||    69
         Constrict         |    12 |    18 |    21 ||    51
         Dagger            |    41 |    83 |    53 ||   177
         Punch             |       |     2 |     4 ||     6
   Cast: Necrotise         |    22 |    26 |    11 ||    59
         Animate Dead      |       |       |     3 ||     3
  Evoke: Wand              |       |     1 |    20 ||    21
    Use: Potion            |     1 |     1 |     6 ||     8
         Scroll            |       |     2 |     8 ||    10
   Stab: Sleeping          |    10 |    12 |     5 ||    27
         Distracted        |       |     1 |       ||     1
         Paralysed         |       |       |     3 ||     3
 Armour: Skin              |    30 |    32 |   100 ||   162
  Dodge: Dodged            |    47 |    45 |    78 ||   170
  Block: Other             |     7 |    14 |    23 ||    44
         Reflection        |     1 |       |       ||     1

Levels and vault maps discovered:
D:1:      heliophobic_arrival_ceremonial_halls, layout_rooms
D:2:      layout_basic
D:3:      layout_rooms, cheibrodos_sewer_entry_sluice,
          shapermc_ecumenical_altar_acropolis, uniq_grinder
D:4:      layout_basic, minmay_bisected
D:5:      layout_loops_cross, kennysheep_little_box,
          minmay_temple_entry_sparse_star
D:6:      minmay_chambers_of_sixes, layout_loops_ring,
          palyth_temple_overflow_mages, lemuel_crystal_altar
Temple:   nicolae_temple_two_arcs

Notes
Turn   | Place    | Note
-------+----------+-------------------------------------------
     0 | D:1      | NarwhalNinja the Octopode Necromancer began the quest for
                  | the Orb.
     0 | D:1      | Reached XP level 1. HP: 11/11 MP: 3/3
    61 | D:1      | Reached skill level 1 in Fighting
   219 | D:1      | Reached XP level 2. HP: 18/18 MP: 5/5
   275 | D:1      | HP: 1/19 [quokka (5)]
   287 | D:1      | HP: 1/19 [rat (1)]
   378 | D:1      | Reached skill level 2 in Fighting
   842 | D:2      | Reached XP level 3. HP: 24/24 MP: 6/6
  1434 | D:2      | Reached skill level 5 in Necromancy
  1434 | D:2      | Reached XP level 4. HP: 27/29 MP: 7/7
  2143 | D:3      | Found a glowing drain.
  2188 | Sewer    | Entered a sewer
  2234 | Sewer    | Reached XP level 5. HP: 34/34 MP: 5/8
  2250 | Sewer    | Reached skill level 6 in Necromancy
  2250 | Sewer    | Reached skill level 1 in Evocations
  2281 | Sewer    | Reached skill level 2 in Evocations
  2415 | Sewer    | Reached XP level 6. HP: 22/39 MP: 9/9
  2589 | Sewer    | Reached skill level 3 in Spellcasting
  2701 | Sewer    | Reached skill level 3 in Fighting
  2940 | D:3      | Found a faded altar of an unknown god.
  3062 | D:3      | Noticed Grinder
  3079 | D:3      | Paralysed by Grinder for 2 turns
  3084 | D:3      | Killed Grinder
  3085 | D:3      | Reached skill level 7 in Necromancy
  3085 | D:3      | Reached XP level 7. HP: 46/46 MP: 11/11
  3090 | D:3      | Learned a level 4 spell: Animate Dead
  3347 | D:3      | Identified the +1 leather armour of Quro {rElec Regen+
                  | SInv}
  3807 | D:4      | Identified a potion of resistance
  4023 | D:4      | Reached skill level 4 in Fighting
  4471 | D:5      | Entered Level 5 of the Dungeon
  4663 | D:5      | Reached skill level 3 in Dodging
  4762 | D:5      | Found a staircase to the Ecumenical Temple.
  4790 | Temple   | Entered the Ecumenical Temple
  4815 | Temple   | Became a worshipper of Makhleb the Destroyer
  4856 | D:5      | Reached XP level 8. HP: 54/54 MP: 12/12
  4873 | D:5      | Reached skill level 8 in Necromancy
  5109 | D:5      | Reached skill level 1 in Unarmed Combat
  5109 | D:5      | Reached skill level 1 in Shapeshifting
  5217 | D:5      | Reached skill level 5 in Fighting
  5333 | D:5      | Reached skill level 2 in Unarmed Combat
  5344 | D:5      | Reached skill level 2 in Shapeshifting
  5841 | D:5      | Found a hide-covered altar of Uskayaw.
  6031 | D:6      | Reached skill level 3 in Unarmed Combat
  6213 | D:6      | Found a radiant altar of Vehumet.
  6218 | D:6      | Reached skill level 3 in Evocations
  6241 | D:6      | Got Vehumet's Quarto of Kinetic Energy
  6371 | D:6      | Found an ancient bone altar of Kikubaaqudgha.
  6383 | D:6      | Reached skill level 3 in Shapeshifting
  6402 | D:6      | Found a shimmering blue altar of Sif Muna.
  6409 | D:6      | Reached XP level 9. HP: 61/61 MP: 13/13
  6665 | D:6      | Noticed a two-headed ogre
  6769 | D:6      | Killed a two-headed ogre
  6769 | D:6      | Reached * piety under Makhleb
  6770 | D:6      | Reached skill level 4 in Unarmed Combat
  6770 | D:6      | Reached skill level 5 in Shapeshifting
  6827 | D:6      | Noticed a two-headed ogre
  6834 | D:6      | Slain by a two-headed ogre

Vanquished Creatures
  A two-headed ogre (D:6)
  Grinder (D:3)
  A shadow (D:6)
  2 black bears (D:5)
  3 ogres (D:5)
  2 phantoms (D:5)
  2 brain worms (Sewer)
  A scorpion (D:5)
  2 bombardier beetles
  3 jellies
  2 orc priests
  An iguana (D:4)
  6 orc wizards (D:6)
  10 adders
  5 river rats
  3 gnolls (D:2)
  2 ufetubi (D:5)
  3 dart slugs
  9 orcs
  10 endoplasms
  2 giant cockroaches (D:4)
  7 hobgoblins
  3 jackals (D:1)
  5 quokkas
  11 ball pythons
  A bat (D:2)
  6 frilled lizards
  4 goblins
  4 kobolds
  12 rats
124 creatures vanquished.

Vanquished Creatures (collateral kills)
  An ogre (D:5)
  A ball python (D:3)
2 creatures vanquished.

Vanquished Creatures (others)
  An orc wizard (D:6)
  9 orc zombies
10 creatures vanquished.

Grand Total: 136 creatures vanquished

Table legend: (Time is in decaauts)
 A = Elapsed time spent in this place.
 B = Non-inter-level travel time spent in this place.
 C = Inter-level travel time spent in this place.
 D = Time resting spent in this place.
 E = Time spent auto-exploring this place.
 F = Levels seen in this place.
 G = Mean time per level.
                   A        B        C        D        E       F      G
               +--------+--------+--------+--------+--------+-----+--------+
         Total |   6812 |   6515 |    297 |   1944 |   3265 |   8 |  851.5 |
       Dungeon |   6118 |   5831 |    287 |   1727 |   3013 |   6 | 1019.7 |
        Temple |     34 |     25 |      9 |      0 |      0 |   1 |   34.0 |
         Sewer |    658 |    658 |      0 |    217 |    252 |   1 |  658.0 |
               +--------+--------+--------+--------+--------+-----+--------+

Top non-repeatable levels by time:
     D:5: 1431 daAuts
     D:2: 1112 daAuts
     D:4: 1071 daAuts
     D:1: 1024 daAuts
     D:6: 876 daAuts
   Sewer: 658 daAuts
     D:3: 602 daAuts
  Temple: 34 daAuts

Table legend:
 A = Non-vault XP
 B = Vault XP
 C = Vault XP percentage of total XP
 D = Non-vault monster count
 E = Vault monster count
 F = Vault count percentage of total count
                 A         B        C        D         E       F
            +---------+---------+-------+---------+---------+-------
      Total |    1522 |    1985 |  56.6 |      87 |      39 |  31.0
            +---------+---------+-------+---------+---------+-------
        D:1 |      32 |       0 |   0.0 |      19 |       0 |   0.0
        D:2 |     115 |       0 |   0.0 |      26 |       0 |   0.0
        D:3 |      38 |     297 |  88.7 |      10 |       4 |  28.6
        D:4 |      60 |      84 |  58.3 |       6 |       4 |  40.0
        D:5 |    1190 |       0 |   0.0 |      21 |       0 |   0.0
        D:6 |      87 |    1300 |  93.7 |       5 |       9 |  64.3
      Sewer |       0 |     304 | 100.0 |       0 |      22 | 100.0
            +---------+---------+-------+---------+---------+-------
